 Dungeon Crawl Stone Soup version 0.28.0-53-g5a82cb258f (webtiles) character file.

Game seed: 6700052814982769115

61 Duralumin the Chiller (level 3, -18/24 HPs)
             Began as a Demonspawn Ice Elementalist on Aug 8, 2022.
             Killed from afar by Ijyb (26 damage)
             ... with a bolt of acid
             ... on level 3 of the Dungeon.
             The game lasted 00:06:21 (1625 turns).

Duralumin the Chiller (Demonspawn Ice Elementalist) Turns: 1625, Time: 00:06:22

Health: -18/24     AC:  4    Str:  8    XL:     3   Next: 83%
Magic:  0/7        EV: 12    Int: 18    God:
Gold:   91         SH:  0    Dex: 13    Spells: 1/8 levels left

rFire   . . .      SeeInvis .   d - +0 dagger
rCold   . . .      Faith    .   (no shield)
rNeg    . . .      Spirit   .   a - +0 robe
rPois   .          Reflect  .   (no helmet)
rElec   .          Harm     .   (no cloak)
rCorr   .          Rampage  .   (no gloves)
Will    .....                   (no boots)
Stlth   ++........              (no amulet)
HPRegen 0.08/turn               (no ring)
MPRegen 0.20/turn               (no ring)

@: ice-armoured, corroded, hasted, very quick
A: magic regeneration
a: no special abilities


You were on level 3 of the Dungeon.
You visited 1 branch of the dungeon, and saw 3 of its levels.

You collected 91 gold pieces.

Inventory:

Hand Weapons
 d - a +0 dagger (weapon)
Missiles
 b - 29 stones
 f - 2 poisoned darts
Armour
 a - a +0 robe (worn)
Scrolls
 e - a scroll of immolation {unknown}
 g - 3 scrolls of holy word {unknown}
 h - 2 scrolls of identify {unknown}


   Skills:
 - Level 1.7 Dodging
 - Level 1.7 Stealth
 + Level 3.1 Spellcasting
 + Level 4.3 Ice Magic


You had one spell level left.
You knew the following spells:

 Your Spells              Type           Power      Damage    Failure   Level
a - Freeze                Ice            72%        1d9       2%          1
b - Frozen Ramparts       Ice            36%        1d5       9%          3
c - Ozocubu's Armour      Ice            18%        N/A       9%          3

Your spell library contained the following spells:

 Spells                   Type           Power      Damage    Failure   Level
 Gell's Gravitas          Tloc           2%         N/A       43%         3
 Lesser Beckoning         Tloc           2%         N/A       43%         3
 Teleport Other           Tloc           2%         N/A       43%         3
 Hailstorm                Conj/Ice       10%        3d5       54%         4
 Leda's Liquefaction      Hex/Erth       1%         N/A       85%         4
 Enfeeble                 Hex            1%         N/A       100%        7
 Shatter                  Erth           1%         3d5*      100%        9


Dungeon Overview and Level Annotations

Branches:
Dungeon (3/15)

Altars:
Yredelemnul

Annotations:
D:3 Ijyb


Innate Abilities, Weirdness & Mutations

You regenerate magic rapidly.


Message History

The walls around you are covered in ice.
The wall freezes the hobgoblin.
The hobgoblin hits you.
The wall freezes the goblin.
The wall freezes the hobgoblin.
You kill the hobgoblin!
Ijyb screams, "Get away!"
Casting: Frozen Ramparts (quite dangerous; 9% risk of failure)
Confirm with . or Enter, or press ? or * to list all spells.
The spell is quite dangerous to miscast (9% risk of failure)!
Continue anyway?
A film of ice covers your body!
The wall freezes the goblin.
You kill the goblin!
The wall freezes Ijyb.
Casting: Ozocubu's Armour (quite dangerous; 9% risk of failure)
Confirm with . or Enter, or press ? or * to list all spells.
Aiming: Freeze (safe; 2% risk of failure)
Press: ? - help, Shift-Dir - straight line, f - Ijyb
Aim: Ijyb, wielding a +0 club, wearing a +0 scale mail and carrying a wand of acid (7) (lightly wounded)
You freeze Ijyb!
Ijyb is heavily wounded.
The wall freezes Ijyb.
Ijyb barely misses you.
Casting: Freeze (safe; 2% risk of failure)
Confirm with . or Enter, or press ? or * to list all spells.
Aiming: Freeze (safe; 2% risk of failure)
Press: ? - help, Shift-Dir - straight line, f/p - Ijyb
Aim: Ijyb, wielding a +0 club, wearing a +0 scale mail and carrying a wand of acid (7) (heavily wounded)
You freeze Ijyb!
Ijyb is severely wounded.
The wall freezes Ijyb.
Ijyb barely misses you.
You hit Ijyb but do no damage.
Ijyb is almost dead.
The frozen ramparts melt away.
Ijyb zaps a wand.
The bolt of acid hits you!
Ouch! That really hurt!
The acid corrodes you!
You hit Ijyb but do no damage.
Ijyb is almost dead.
Ijyb hits you but does no damage.
It was a potion of haste.
You feel yourself speed up.
Ijyb zaps a wand.
The bolt of acid hits you!!
Ouch! That really hurt!
You die...

##.#...#####.#.#.........##
##.##### .......†.....#
##.# #.#.#.##......## ...##
#.#.#.##......>. ....# #.#
#.........## ....#
.#.#....###..# ....#
.#.#.##.###.... ....#
#.#.#............. ....#
#......@##...#. .. #####
#.....##g)...# #### #.....
#.....# ...# #.....
#........ ##.#.# #####
#.....#.. #.#.# .........
#.#.. .##.## #.#.....#
#.#.##.#....# ........#
#.#.##.#..#.# ..#.....#


You could see Ijyb.

Vanquished Creatures
  3 adders (D:2)
  A worm (D:3)
  2 dart slugs
  An endoplasm (D:2)
  4 goblins
  4 hobgoblins
  3 ball pythons
  4 bats
  2 frilled lizards
  2 kobolds (D:2)
  4 rats
30 creatures vanquished.

Notes
Turn   | Place    | Note
-------+----------+-------------------------------------------
     0 | D:1      | Duralumin the Demonspawn Ice Elementalist began the quest
                  | for the Orb.
     0 | D:1      | Reached XP level 1. HP: 13/13 MP: 3/3
   445 | D:2      | Gained mutation: You regenerate magic rapidly. [demonic
                  | ancestry]
   445 | D:2      | Reached XP level 2. HP: 12/19 MP: 0/5
   640 | D:2      | Reached skill level 4 in Ice Magic
   872 | D:2      | Reached XP level 3. HP: 24/24 MP: 5/7
   902 | D:2      | Got Acorupn's Incunabulum of Earthen Hexes
   936 | D:2      | Learned a level 3 spell: Frozen Ramparts
   940 | D:2      | Learned a level 3 spell: Ozocubu's Armour
  1126 | D:2      | Found a basalt altar of Yredelemnul.
  1153 | D:2      | Found a faded altar of an unknown god.
  1614 | D:3      | Noticed Ijyb
  1625 | D:3      | Killed from afar by Ijyb

Illustrated notes

Levels and vault maps discovered:
D:1:      minmay_arrival_doors, layout_rooms, feat_on_display
D:2:      layout_rooms, ebering_ecumenical_altar_hall, basic_altar
D:3:      layout_basic, chequers_mini_garden, grunt_decor_mini_mirrors,
          uniq_ijyb

Skill      XL: |  1  2  3 |
---------------+----------+-----
Ice Magic      | 4 |  4.3
Spellcasting   | 3 |  3.1
Dodging        | |  1.7
Stealth        | |  1.7

Action                   || total
-------------------------++-------
Melee: Dagger            ||     9
       Punch             ||     1
 Cast: Freeze            ||    35
       Frozen Ramparts   ||     5
       Ozocubu's Armour  ||     2
  Use: Potion            ||     1
Armor: Robe              ||     4
Dodge: Dodged            ||    21
